 Dungeon Crawl Stone Soup version 0.29.1-15-g9cfb28693d (webtiles) character file.

Game seed: 15594286561259686458

985 HakonGodeson the Chopper (level 7, -5/61 HPs)
             Began as a Minotaur Fighter on Mar 29, 2023.
             Was a Believer of Ru.
             Slain by an orc warrior
             ... wielding a +0 halberd
              (13 damage)
             ... in a bailey.
             The game lasted 00:18:04 (4575 turns).

HakonGodeson the Chopper (Minotaur Fighter)         Turns: 4575, Time: 00:18:05

Health: -5/61      AC: 10    Str: 21    XL:     7   Next: 97%
Magic:  6/6        EV:  8    Int:  7    God:    Ru [**....]
Gold:   259        SH:  4    Dex:  9    Spells: 6/6 levels left

rFire   + + .      SeeInvis .   a - +3 war axe
rCold   x . .      Faith    .   c - +0 buckler
rNeg    . . .      Spirit   .   d - +0 chain mail {rF+}
rPois   .          Reflect  .   (helmet restricted)
rElec   .          Harm     .   s - scarf {+Inv}
rCorr   +          Rampage  .   (no gloves)
Will    .....                   (no boots)
Stlth   ..........              (no amulet)
HPRegen 0.20/turn               e - ring of resist corrosion
MPRegen 0.10/turn               q - ring of fire

@: brilliant
A: horns 2, inability to use devices, retaliatory headbutt
a: Renounce Religion


You were in a bailey.
You worshipped Ru.
Ru was pleased with you.
You visited 2 branches of the dungeon, and saw 8 of its levels.
You also visited: Bailey.

You collected 259 gold pieces.

Inventory:

Hand Weapons
 a - a +3 war axe (weapon)
 B - a +2 battleaxe
Missiles
 n - 2 poisoned darts (quivered)
 y - a curare-tipped dart
Armour
 b - a +0 scale mail
 c - a +0 buckler (worn)
 d - a +0 chain mail of fire resistance (worn)
 h - the +1 robe "Itaylue" {Harm}
   (You found it on level 4 of the Dungeon)

   Harm:      It increases damage dealt and taken.
 s - a scarf of invisibility (worn)
Jewellery
 e - a ring of resist corrosion (left hand)
 q - a ring of fire (right hand)
Scrolls
 g - a scroll of torment
 j - a scroll of magic mapping
 k - 2 scrolls of immolation
 l - 2 scrolls of teleportation
 v - a scroll of butterflies
 w - a scroll of enchant armour {unknown}
 z - a scroll of noise
 A - a scroll of enchant weapon
Potions
 f - a potion of degeneration {unknown}
 i - a potion of attraction {unknown}
 m - a potion of flight
 o - a potion of mutation {unknown}
 t - a potion of brilliance
 u - a potion of ambrosia
 x - a potion of heal wounds {unknown}


   Skills:
 * Level 5.5 Fighting
 * Level 6.4 Axes
 * Level 2.0 Throwing
 * Level 5.8 Armour
 * Level 2.8 Dodging
 * Level 2.2 Stealth
 * Level 5.2 Shields


You had 6 spell levels left.
You didn't know any spells.
Your spell library contained the following spells:

 Spells                   Type           Power      Damage    Failure   Level
 Foxfire                  Conj/Fire      0%         2x1d4     99%         1
 Necrotise                Necr           0%         1d4       99%         1
 Conjure Flame            Conj/Fire      0%         6-21      100%        3
 Dazzling Flash           Conj/Hex       0%         N/A       100%        3
 Inner Flame              Hex/Fire       0%         N/A       100%        3
 Vampiric Draining        Necr           0%         2d6       100%        3
 Flame Wave               Conj/Fire      0%         2d4       100%        4
 Iskenderun's Mystic Bla  Conj/Tloc      0%         2d3       100%        4
 Agony                    Necr           0%         N/A       100%        5
 Starburst                Conj/Fire      0%         6d3       100%        6


Dungeon Overview and Level Annotations

Branches:
Dungeon (7/15)             Temple (1/1) D:4          Bailey (1/1)

Altars:
Ashenzari
Cheibriados
Gozag
Makhleb
Okawaru
Ru
Uskayaw
Vehumet
Yredelemnul
The Shining One


Innate Abilities, Weirdness & Mutations

You have a pair of horns on your head.
You cannot study or use magical devices.
You reflexively headbutt those who attack you in melee.


Message History

Your orc splashes around in the water.
The orc hits your orc with a +0 spear.
Your orc dies!
Your orc's corpse dissolves into shadows!
Things that are here:
a +0 trident; a +0 scale mail; an orc corpse You enter the shallow water.
Moving in this stuff is going to be slow.
Throw: 3 darts (poison)
Press: ? - help, Q - select action, (/) - cycle Shift-Dir - straight line, f/p - orc warrior
Aim: an orc warrior, wielding a +0 halberd and wearing a +0 scale mail (moderately wounded, 50% to hit)
You throw a poisoned dart.
The poisoned dart misses the orc warrior.
The poisoned dart barely misses the orc warrior.
The orc warrior barely misses you.
It was a potion of brilliance.
You feel clever all of a sudden. Something hits your orc!
Your orc dies!
Your orc's corpse dissolves into shadows!
The orc warrior hits you from afar with a +0 halberd.
It was a potion of ambrosia.
You are confused.
You feel invigorated. The orc warrior misses you.
The orc warrior hits you from afar with a +0 halberd.
The orc warrior hits you from afar with a +0 halberd!
You bump into the stone wall.
The orc warrior hits you from afar with a +0 halberd! x2
* * * LOW HITPOINT WARNING * * *
You bump into the stone wall.
The orc warrior misses you.
The orc warrior hits you from afar with a +0 halberd!
* * * LOW HITPOINT WARNING * * *
You bump into the stone wall.
The orc warrior hits you from afar with a +0 halberd!
* * * LOW HITPOINT WARNING * * *
The orc warrior hits you but does no damage.
You feel less invigorated.
You feel less confused.
The orc warrior hits you from afar with a +0 halberd!
You die...

#.~..##.$. #.~~..##.##
...§§≈ #∩.~~..#+# ..⌠...§
##.~~..# .⌠∩⌠.§§ #.~~..##
...oo≈≈ #.~..## ≈≈≈§. #.~.##
...
#.~.#############+###'######
#.~........@.##.....##oooo..
#.~~~~~~~~~~..##.∩.##..o~~~~
#..........~~oo## ##..oo....
##########..~~oo###..~~..###
##..~o.....~~..##
##..~~~~o~~..##
##.........## ###########


You could see 3 orc warriors, 2 orcs and a friendly orc (summoned).

Vanquished Creatures
  3 orc warriors (Bailey)
  A kobold brigand (D:6)
  A scorpion (D:4)
  3 wights (D:7)
  A howler monkey (D:5)
  A bullfrog zombie (D:6)
  An orc priest (D:6)
  3 hounds
  Terence (D:3)
  Jessica (D:3)
  A killer bee zombie (D:6)
  3 gnolls (D:4)
  5 adders
  A dart slug (D:2)
  12 orcs
  3 endoplasms (D:1)
  3 giant cockroaches
  5 goblins
  7 hobgoblins
  7 jackals
  2 quokkas
  5 ball pythons
  8 bats
  7 frilled lizards
  14 kobolds
  7 rats
  A butterfly (D:4)
107 creatures vanquished.

Vanquished Creatures (others)
  9 plants (D:6)
9 creatures vanquished.

Grand Total: 116 creatures vanquished

Notes
Turn   | Place    | Note
-------+----------+-------------------------------------------
     0 | D:1      | HakonGodeson the Minotaur Fighter began the quest for the
                  | Orb.
     0 | D:1      | Reached XP level 1. HP: 19/19 MP: 0/0
    84 | D:2      | Reached XP level 2. HP: 24/27 MP: 1/1
   179 | D:4      | Found a staircase to the Ecumenical Temple.
   199 | D:4      | Identified the +1 robe "Itaylue" {Harm}
   217 | Temple   | Entered the Ecumenical Temple
   242 | Temple   | Became a worshipper of Ru the Awakened
   516 | D:4      | Reached XP level 3. HP: 33/33 MP: 2/2
   553 | D:4      | Noticed a scorpion
   563 | D:4      | Killed a scorpion
   564 | D:4      | Reached skill level 3 in Axes
   564 | D:4      | Reached skill level 1 in Dodging
   564 | D:4      | Reached XP level 4. HP: 29/41 MP: 3/3
   892 | D:4      | Reached skill level 1 in Stealth
   892 | D:4      | Reached XP level 5. HP: 36/47 MP: 4/4
  1125 | D:3      | Noticed Terence
  1129 | D:3      | Killed Terence
  1130 | D:3      | Reached skill level 4 in Axes
  1706 | D:3      | Noticed Jessica
  1717 | D:3      | Killed Jessica
  2358 | D:2      | Gained mutation: You cannot study or use magical devices.
                  | [Ru sacrifice]
  2358 | D:2      | Reached * piety under Ru
  2358 | D:2      | Reached ** piety under Ru
  2583 | D:1      | Found a faded altar of an unknown god.
  2660 | D:1      | Reached XP level 6. HP: 51/53 MP: 5/5
  3452 | D:5      | Entered Level 5 of the Dungeon
  3463 | D:5      | Reached skill level 1 in Throwing
  3508 | D:5      | Reached skill level 5 in Axes
  3793 | D:6      | Reached skill level 5 in Fighting
  3797 | D:6      | Reached skill level 5 in Armour
  3801 | D:6      | Found a basalt altar of Yredelemnul.
  3858 | D:6      | Reached XP level 7. HP: 58/61 MP: 6/6
  3933 | D:7      | Found a flagged portal.
  4265 | Bailey   | Entered a bailey
  4278 | Bailey   | Reached skill level 5 in Shields
  4299 | Bailey   | Reached skill level 6 in Axes
  4573 | Bailey   | HP: 2/61 [orc warrior/+0 halberd (9)]
  4575 | Bailey   | Slain by an orc warrior

Illustrated notes

Levels and vault maps discovered:
D:1:      dpeg_arrival_stonehenge_12_columns, layout_basic,
          hellmonk_ecumenical_altar_zigzags
D:2:      layout_rooms
D:3:      layout_basic, uniq_jessica, uniq_terence
D:4:      layout_loops_cross, minmay_temple_entry_butterflies
D:5:      minmay_razor_zed, layout_cave_pools, mainiacjoe_overflow_divided_tiny,
          serial_column_ruins, column_ruins_grid_3, column_ruins_grid_1,
          column_ruins_grid_4, column_ruins_corridor_corner,
          column_ruins_columns_corner, column_ruins_columns_straight,
          column_ruins_corridor_straight, uniq_pikel, uniq_crazy_yiuf_cottage
D:6:      layout_basic, lemuel_zombie_altar_yredelemnul, trog_butcher_becter,
          minmay_misc_feat_square, serial_bayou_lagoon_a, minmay_misc_feat_five,
          minivault_26, eino_small_chamber_without_monster
D:7:      layout_basic, nicolae_overflow_hidden_temple, general_overflow_altar,
          enter_bailey_4, minmay_misc_feat_secret_circle
Temple:   nicolae_temple_bog_church
Bailey:   bailey_polearm_1, bailey

Skill      XL: |  1  2  3  4  5  6  7 |
---------------+----------------------+-----
Shields        | 4 5 |  5.2
Fighting       | 4 5 |  5.5
Axes           | 3 4 5 6 |  6.4
Armour         | 4 5 |  5.8
Dodging        | 1 2 |  2.8
Stealth        | 1 2 |  2.2
Throwing       | 1 2 |  2.0

Action                   |  1- 3 |  4- 6 |  7- 9 || total
-------------------------+-------+-------+-------++-------
Melee: War axe           |    30 |   126 |    43 ||   199
       Headbutt          |     3 |    16 |    12 ||    31
Throw: Dart              |       |    18 |     7 ||    25
Invok: Sacrifice Artific |       |     1 |       ||     1
  Use: Scroll            |     3 |     8 |     3 ||    14
       Potion            |       |     2 |     5 ||     7
Armor: Scale mail        |    16 |       |       ||    16
       Robe              |     1 |       |       ||     1
       Chain mail        |       |    73 |    35 ||   108
Dodge: Dodged            |    35 |    69 |    38 ||   142
Block: Buckler           |    12 |    38 |    17 ||    67
